[Event "Marienbad Open GM 2025"]
[Site "Marianske Lazne"]
[Date "2025.01.18"]
[Round "1.1"]
[White "Harshavardhan G B"]
[Black "Deuer, Marius"]
[Result "1/2-1/2"]
[Annotator "TA"]
[ECO "E15"]
[WhiteElo "2405"]
[BlackElo "2505"]
[PlyCount "89"]
[EventDate "2025.01.18"]
[EventType "tourn"]
[EventCountry "CZE"]
[SourceTitle "playchess.com"]
[Source "ChessBase"]
[SourceQuality "1"]
[TimeControl "40/5400+30:1800+30"]

1. d4 Nf6 2. c4 e6 3. Nf3 b6 4. g3 Ba6 5. Nbd2 d5 6. Bg2 Be7 7. O-O O-O 8. b3 c5 9. Bb2 Nc6 10. cxd5 exd5 11. Re1 Rc8 12. a3 Re8 13. Rc1 Ne4 14. dxc5 bxc5 15. e3 Bd3 16. Nxe4 Bxe4 17. Bh3 Rc7 18. Nd2 {[%emt 0:02:58] Black should prevent Nxe4.} Bg6 19. e4 dxe4 20. Nxe4 Qxd1 (20... Nd4 $6 21. b4 $16) 21. Rcxd1 Rb8 (21... Nd4 $11 22. Bg2 Rcc8) 22. Bc1 $1 $14 f6 (22... Rxb3 $2 23. Bf4 Rcb7 24. Nd6 $18) 23. Bf4 {[%emt 0:02:18] White is more active.} Ne5 $1 24. Bxe5 fxe5 25. Be6+ Bf7 26. Bc4 Bxc4 27. bxc4 Rb3 {[%emt 0:00:03] Against Nc3} 28. Re3 Rxe3 29. fxe3 $11 {[%emt 0:00:06][%mdl 4096] Endgame KRB-KRN} Kf7 30. Kf2 Rb7 31. Ke2 Rb3 32. Rd3 Rb2+ 33. Nd2 Ke6 34. Kf3 Rc2 35. h3 a5 36. Ke2 e4 37. Rb3 Ra2 38. Rb5 a4 (38... Rxa3 39. Nxe4 g6 40. h4 $16 (40. Nxc5+ Bxc5 41. Rxc5 Kd6 $14)) 39. Ra5 Bf6 {[%emt 0:01:29] and ...Bc3 would now be decisive} 40. Rxc5 Bc3 (40... Rxa3 $6 41. Nxe4 Ra2+ 42. Kf3 $14) 41. Rd5 ({Avoid the trap} 41. Rc6+ $2 Kd7 42. Ra6 Bxd2 $19 (42... Rxd2+ $2 43. Kf1 $19)) 41... Rxd2+ (41... Rxa3 42. Nxe4 Bb4 43. Nc5+ Bxc5 44. Rxc5 $14) (41... h5 $15 {feels stronger.}) 42. Rxd2 Bxd2 43. Kxd2 {[%emt 0:00:00] Black must now prevent Kc3.} Kd6 44. Kc2 Kc6 45. Kd2 1/2-1/2

[Event "Marienbad Open GM 2025"]
[Site "Marianske Lazne"]
[Date "2025.01.18"]
[Round "1.2"]
[White "Otsuka, Shou"]
[Black "Natsidis, Christoph"]
[Result "1/2-1/2"]
[Annotator "RC"]
[ECO "B42"]
[WhiteElo "2214"]
[BlackElo "2351"]
[PlyCount "112"]
[EventDate "2025.01.18"]
[EventType "tourn"]
[EventCountry "CZE"]
[SourceTitle "playchess.com"]
[Source "ChessBase"]
[SourceQuality "1"]
[TimeControl "40/5400+30:1800+30"]

1. e4 c5 2. Nf3 e6 3. d4 cxd4 4. Nxd4 a6 5. Bd3 Nf6 6. O-O Qc7 7. Qe2 d6 8. c4 g6 9. Nc3 Bg7 10. Rd1 O-O 11. Be3 Nc6 12. Nxc6 bxc6 13. Rac1 c5 14. h3 Nd7 15. Qd2 Ne5 16. Bh6 Nc6 17. Bxg7 Kxg7 18. f4 Nd4 19. Ne2 e5 20. Rf1 f6 21. Nxd4 exd4 22. b4 Bb7 23. Rfe1 Rfe8 24. Re2 Re7 25. a3 Rae8 26. Rce1 Bc6 27. Kh2 Qb8 28. b5 axb5 29. cxb5 Bxb5 30. Rb1 Rb7 31. Bxb5 Rxb5 32. Rf1 Rb7 33. Kh1 Rbe7 34. Rfe1 Qb3 35. Qa5 d3 36. Rd2 c4 37. Qd5 Qc3 38. Rdd1 Qc2 39. Kh2 Qf2 40. Qxc4 Qxf4+ 41. Kh1 Rxe4 42. Rxe4 Rxe4 43. Qxd3 Re3 44. Qd5 Qe5 45. Qb7+ Kh6 46. Qb4 g5 47. Qb8 Re1+ 48. Rxe1 Qxe1+ 49. Kh2 Qe5+ 50. Kh1 Qa1+ 51. Kh2 Qxa3 52. Qf8+ Kg6 53. Qg8+ Kf5 54. Qd5+ Kg6 55. Qg8+ Kf5 56. Qd5+ Kg6 1/2-1/2

[Event "Marienbad Open GM 2025"]
[Site "Marianske Lazne"]
[Date "2025.01.18"]
[Round "1.3"]
[White "Lalic, Bogdan"]
[Black "Kuru, Atilla"]
[Result "1/2-1/2"]
[Annotator "RC"]
[ECO "D35"]
[WhiteElo "2321"]
[BlackElo "2418"]
[PlyCount "65"]
[EventDate "2025.01.18"]
[EventType "tourn"]
[EventCountry "CZE"]
[SourceTitle "playchess.com"]
[Source "ChessBase"]
[SourceQuality "1"]
[TimeControl "40/5400+30:1800+30"]

1. d4 d5 2. c4 e6 3. Nc3 Nf6 4. cxd5 exd5 5. Bg5 Be7 6. e3 h6 7. Bh4 Bg4 8. f3 Be6 9. Bd3 c5 10. Nge2 Nc6 11. O-O O-O 12. Kh1 Rc8 13. Rc1 cxd4 14. exd4 Qd7 15. Bf2 Bd6 16. Qd2 Bf5 17. Bxf5 Qxf5 18. Bg3 Bxg3 19. Nxg3 Qg5 20. Qd3 Rfe8 21. Rfe1 Rxe1+ 22. Rxe1 Qh4 23. Rd1 Re8 24. Kg1 g6 25. Qd2 Nd8 26. Nf1 Ne6 27. Qf2 Qg5 28. Qg3 Kg7 29. Qxg5 hxg5 30. Ne3 Nxd4 31. Kf2 Ne6 32. Nexd5 Nxd5 33. Ke1 1/2-1/2

[Event "Marienbad Open GM 2025"]
[Site "Marianske Lazne"]
[Date "2025.01.18"]
[Round "1.4"]
[White "Cvek, Robert"]
[Black "Besou, Hussain"]
[Result "1/2-1/2"]
[Annotator "RC"]
[ECO "E53"]
[WhiteElo "2439"]
[BlackElo "2322"]
[PlyCount "52"]
[EventDate "2025.01.18"]
[EventType "tourn"]
[EventCountry "CZE"]
[SourceTitle "playchess.com"]
[Source "ChessBase"]
[SourceQuality "1"]
[TimeControl "40/5400+30:1800+30"]

1. Nf3 d5 2. d4 Nf6 3. c4 e6 4. Nc3 Bb4 5. e3 O-O 6. Bd3 c5 7. O-O cxd4 8. exd4 dxc4 9. Bxc4 b6 10. Qb3 Bxc3 11. bxc3 Ba6 12. Bxa6 Nxa6 13. Bg5 Nb8 14. Ne5 Nbd7 15. Nxd7 Qxd7 16. Bxf6 gxf6 17. Rfd1 Rac8 18. c4 Kh8 19. Qf3 Qe7 20. d5 Rfd8 21. d6 Rxd6 22. Rxd6 Qxd6 23. Qxf6+ Kg8 24. Qg5+ Kf8 25. Qh6+ Kg8 26. Qg5+ Kf8 1/2-1/2

[Event "Marienbad Open GM 2025"]
[Site "Marianske Lazne"]
[Date "2025.01.18"]
[Round "1.5"]
[White "Baum, Jonasz"]
[Black "Korobov, Anton"]
[Result "1/2-1/2"]
[Annotator "TA"]
[ECO "B52"]
[WhiteElo "2457"]
[BlackElo "2627"]
[PlyCount "40"]
[EventDate "2025.01.18"]
[EventType "tourn"]
[EventCountry "CZE"]
[SourceTitle "playchess.com"]
[Source "ChessBase"]
[SourceQuality "1"]
[TimeControl "40/5400+30:1800+30"]

1. e4 c5 2. Nf3 d6 3. Bb5+ Bd7 4. Bxd7+ Nxd7 5. O-O Ngf6 6. Qe2 Qc7 7. d4 cxd4 8. Nxd4 Rc8 9. Nc3 a6 10. Be3 e6 11. f4 Be7 12. Rad1 b5 13. a3 Qb7 14. Bc1 {[%emt 0:02:53] [#]} (14. Bd2 $11) 14... O-O (14... Rxc3 $1 $17 15. bxc3 Nxe4) 15. e5 Ne8 16. Kh1 Nb6 17. Rd3 g6 {[%emt 0:07:52] Prevents Qh5} 18. Ne4 Nc4 19. Nf3 d5 20. Nf2 h5 $2 (20... Ng7 $11 {and Black has nothing to worry.}) 1/2-1/2

[Event "Marienbad Open GM 2025"]
[Site "Marianske Lazne"]
[Date "2025.01.19"]
[Round "2.1"]
[White "Deuer, Marius"]
[Black "Korobov, Anton"]
[Result "1/2-1/2"]
[Annotator "RC"]
[ECO "D71"]
[WhiteElo "2505"]
[BlackElo "2627"]
[PlyCount "20"]
[EventDate "2025.01.18"]
[EventType "tourn"]
[EventCountry "CZE"]
[SourceTitle "playchess.com"]
[Source "ChessBase"]
[SourceQuality "1"]
[TimeControl "40/5400+30:1800+30"]

1. d4 Nf6 2. c4 g6 3. g3 Bg7 4. Bg2 O-O 5. Nc3 d6 6. Nf3 c6 7. h3 Bf5 8. g4 Be6 9. d5 Bd7 10. O-O Na6 1/2-1/2

[Event "Marienbad Open GM 2025"]
[Site "Marianske Lazne"]
[Date "2025.01.19"]
[Round "2.2"]
[White "Besou, Hussain"]
[Black "Baum, Jonasz"]
[Result "1-0"]
[Annotator "RC"]
[ECO "C50"]
[WhiteElo "2322"]
[BlackElo "2457"]
[PlyCount "143"]
[EventDate "2025.01.18"]
[EventType "tourn"]
[EventCountry "CZE"]
[SourceTitle "playchess.com"]
[Source "ChessBase"]
[SourceQuality "1"]
[TimeControl "40/5400+30:1800+30"]

1. e4 e5 2. Nf3 Nc6 3. Bc4 Bc5 4. d3 Nf6 5. Nc3 a6 6. Bg5 h6 7. Bxf6 Qxf6 8. Nd5 Qd8 9. c3 d6 10. d4 Ba7 11. h3 Be6 12. O-O O-O 13. Re1 Kh8 14. Bb3 Qd7 15. Ne3 Bxb3 16. axb3 Rae8 17. Qd3 exd4 18. cxd4 Ne7 19. Rad1 Qe6 20. d5 Qd7 21. Qc3 Kh7 22. Nd4 Ng6 23. Ndf5 Rg8 24. Ng4 Rxe4 25. Rxe4 Qxf5 26. Ree1 Bb6 27. Ne3 Qg5 28. g3 h5 29. Nc4 Ba7 30. Qf3 h4 31. Kh2 Rf8 32. Re4 Kg8 33. gxh4 Nxh4 34. Qg4 Qxg4 35. hxg4 f5 36. gxf5 Nxf5 37. Kg2 b5 38. Ne3 Nxe3+ 39. fxe3 Rf5 40. Kg3 Bb6 41. b4 g6 42. Rf4 Bxe3 43. Rxf5 gxf5 44. Kf3 Bb6 45. Kf4 Kf7 46. Kxf5 a5 47. bxa5 Bxa5 48. Rh1 Ke7 49. Rh7+ Kd8 50. Rh8+ Kd7 51. Ra8 Be1 52. Rb8 b4 53. Ke4 c5 54. dxc6+ Kxc6 55. Kd3 Kc5 56. Rc8+ Kb5 57. b3 Bf2 58. Ke4 Bc5 59. Kd5 Kb6 60. Rb8+ Kc7 61. Rb5 Kd7 62. Rb7+ Kc8 63. Kc6 Kd8 64. Kd5 Kc8 65. Re7 Kd8 66. Ke6 Kc8 67. Rd7 Kb8 68. Kd5 Kc8 69. Kc6 Kb8 70. Rf7 Ka8 71. Rb7 d5 72. Rb5 1-0

[Event "Marienbad Open GM 2025"]
[Site "Marianske Lazne"]
[Date "2025.01.19"]
[Round "2.3"]
[White "Kuru, Atilla"]
[Black "Cvek, Robert"]
[Result "1/2-1/2"]
[Annotator "RC"]
[ECO "C02"]
[WhiteElo "2418"]
[BlackElo "2439"]
[PlyCount "56"]
[EventDate "2025.01.18"]
[EventType "tourn"]
[EventCountry "CZE"]
[SourceTitle "playchess.com"]
[Source "ChessBase"]
[SourceQuality "1"]
[TimeControl "40/5400+30:1800+30"]

1. e4 e6 2. d4 d5 3. e5 c5 4. c3 Nc6 5. Nf3 Bd7 6. Be2 Nge7 7. O-O Ng6 8. Be3 Be7 9. Nbd2 O-O 10. a3 c4 11. g3 f6 12. exf6 gxf6 13. h4 Nh8 14. b3 b5 15. bxc4 bxc4 16. Nxc4 dxc4 17. d5 exd5 18. Qxd5+ Nf7 19. Rfd1 Be8 20. Qxc4 Qc8 21. Bh6 Nce5 22. Nxe5 fxe5 23. Rab1 Qxc4 24. Bxc4 Rc8 25. Ba2 Bc6 26. Bxf8 Kxf8 27. Be6 Rc7 28. Bd5 Be8 1/2-1/2

[Event "Marienbad Open GM 2025"]
[Site "Marianske Lazne"]
[Date "2025.01.19"]
[Round "2.5"]
[White "Harshavardhan G B"]
[Black "Otsuka, Shou"]
[Result "1-0"]
[Annotator "RC"]
[ECO "D34"]
[WhiteElo "2405"]
[BlackElo "2214"]
[PlyCount "115"]
[EventDate "2025.01.18"]
[EventType "tourn"]
[EventCountry "CZE"]
[SourceTitle "playchess.com"]
[Source "ChessBase"]
[SourceQuality "1"]
[TimeControl "40/5400+30:1800+30"]

1. d4 d5 2. c4 e6 3. Nc3 c5 4. cxd5 exd5 5. Nf3 Nc6 6. g3 Nf6 7. Bg2 Be7 8. O-O O-O 9. dxc5 Bxc5 10. Bg5 d4 11. Bxf6 Qxf6 12. Nd5 Qd8 13. Nd2 Re8 14. Nb3 Bb6 15. Rc1 Bg4 16. Re1 Qd6 17. h3 Bf5 18. Nd2 Be6 19. Nc4 Qd8 20. Nf4 Bf5 21. Qb3 Be4 22. Bxe4 Rxe4 23. Qf3 f5 24. Nd2 Re8 25. b4 Qd7 26. Nc4 Re4 27. b5 Ne5 28. Qb3 Nxc4 29. Qxc4+ Qf7 30. Qxf7+ Kxf7 31. Kf1 Rae8 32. h4 g6 33. Red1 h6 34. Rc2 g5 35. hxg5 hxg5 36. Nd5 Ba5 37. f3 R4e5 38. Rxd4 Rd8 39. e4 g4 40. Ra4 Bb6 41. Nxb6 axb6 42. exf5 Rxf5 43. Rxg4 Rxf3+ 44. Kg2 Rfd3 45. Rc7+ R8d7 46. Rxd7+ Rxd7 47. a4 Rd3 48. Rc4 Rd7 49. Kf3 Ke6 50. g4 Kd5 51. Rf4 Rg7 52. Rf6 Kc5 53. Rf4 Kd5 54. Kg3 Ke5 55. Rf5+ Ke6 56. Rf8 Kd5 57. Kh4 Kc5 58. Rf4 1-0